 Dungeon Crawl Stone Soup version 0.19-a0-1608-g4cf22de (webtiles) character file.

6468 Amnesiac the Cruncher (level 10, -10/81 HPs)
             Began as a Mummy Gladiator on Sept 18, 2016.
             Was an Initiate of Gozag.
             Killed from afar by Harold (31 damage)
             ... with a bolt of fire
             ... on level 12 of the Dungeon.
             The game lasted 00:21:30 (12076 turns).

Amnesiac the Cruncher (Mummy Gladiator)            Turns: 12076, Time: 00:21:31

Health: -10/81     AC: 17    Str: 19    XL:     10   Next: 68%
Magic:  6/10       EV:  6    Int:  8    God:    Gozag
Gold:   488        SH:  0    Dex: 15    Spells: 0 memorised, 9 levels left

rFire  . . .     SeeInvis .     B - +2 great mace (protect)
rCold  + . .     Gourm    .     n - +0 plate armour (curse)
rNeg   + + +     Faith    .     (shield currently unavailable)
rPois  ∞         Spirit   .     c - +0 helmet
rElec  .         Dismiss  .     (no cloak)
rCorr  .         Reflect  .     g - +0 pair of gloves
MR     ++...     Harm     .     (no boots)
Stlth  ..........               (no amulet)
                                w - ring of protection from fire
                                q - ring of protection from magic

@: gold aura
A: no food or potions, fire vulnerability, cold resistance 1, negative energy
resistance 3, torment resistance, unbreathing
a: Potion Petition, Call Merchant, Bribe Branch, Renounce Religion


You were on level 12 of the Dungeon.
You worshipped Gozag.
Gozag was aware of your devotion.
You were not hungry.

You visited 2 branches of the dungeon, and saw 12 of its levels.
You also visited: Sewer.

You collected 1755 gold pieces.
You spent 237 gold pieces at shops.
You paid 1030 gold pieces to Gozag.

Inventory:

Hand Weapons
 a - a +1 quarterstaff
 B - a +2 great mace of protection (weapon)
Missiles
 d - 4 throwing nets (quivered)
 x - 5 silver javelins
Armour
 c - a +0 helmet (worn)
 g - a +0 pair of gloves (worn)
 n - a cursed +0 plate armour (worn)
Jewellery
 q - a ring of protection from magic (left hand)
 t - an uncursed ring of see invisible
 w - a ring of protection from fire (right hand)
 A - an uncursed amulet of magic regeneration {unknown}
Wands
 h - a wand of flame (15/48)
 k - a wand of iceblast (5/15)
 r - a wand of confusion (13/48)
 z - a wand of flame (33/48)
Scrolls
 b - 2 scrolls of enchant weapon
 e - 2 scrolls of remove curse
 f - a scroll of noise
 i - a scroll of teleportation
 j - 2 scrolls of enchant armour
 l - 2 scrolls of identify
 m - a scroll of immolation
 o - a scroll of magic mapping
 p - a scroll of recharging
 u - 2 scrolls of fog
 y - a scroll of amnesia
Books
 s - a book of Spatial Translocations

   Spells                             Type                      Level
   a - Apportation                    Translocation                1
   b - Blink                          Translocation                2
   c - Shroud of Golubria             Charms/Translocation         2
   d - Portal Projectile              Translocation                3
   e - Teleport Other                 Translocation                3
   f - Passage of Golubria            Translocation                4
 v - a book of Death

   Spells                             Type                      Level
   a - Corpse Rot                     Necromancy                   2
   b - Sublimation of Blood           Necromancy                   2
   c - Agony                          Necromancy                   5
   d - Dispel Undead                  Necromancy                   5
   e - Excruciating Wounds            Charms/Necromancy            5
   f - Bolt of Draining               Conjuration/Necromancy       5


   Skills:
 + Level 8.3 Fighting
 - Level 12.0 Staves
 - Level 1.5 Throwing
 - Level 2.4 Dodging


You had 9 spell levels left.
You didn't know any spells.

Dungeon Overview and Level Annotations

Branches:
Dungeon (12/15)            Temple (1/1) D:4            Lair (0/6) D:8
    Orc: D:9-12

Altars:
Ashenzari
Dithmenos
Elyvilon
Fedhas
Gozag
Hepliaklqana
Kikubaaqudgha
Nemelex Xobeh
Okawaru
Qazlal
Ru
Sif Muna
Trog
Uskayaw
Vehumet
Xom
Yredelemnul
Zin
The Shining One
Lugonu

Shops:
D:8 *   D:12 ((

Annotations:
D:12 exclusion: orange crystal statue, Frances, Harold


Innate Abilities, Weirdness & Mutations

You do not eat or drink.
Your flesh is vulnerable to fire.
You are immune to poison.
Your flesh is cold resistant. (rC+)
You are immune to negative energy. (rN+++)
You are immune to unholy pain and torment.
You can survive without breathing.


Message History

You kill the troll!
Harold points at you and mumbles some strange words.
The bolt of fire hits you!
* * * LOW HITPOINT WARNING * * *
Harold says, "Do you have any idea what people are willing to pay to have you killed, Amnesiac?"
Harold throws a throwing net.
The throwing net hits you.
You become entangled in the net!
You tear a large gash into the net.
You struggle against the net.
Harold hits you but does no damage.
You struggle against the net.
Harold hits you but does no damage.
You rip the net and break free!
Harold hits you but does no damage.
You hit Harold.
Harold is lightly wounded.
Harold hits you but does no damage.
You sock Harold!
Harold is moderately wounded.
Harold casts a spell at you. The bolt of fire hits you!
You die...
Your body crumbles into a pile of gold.

......T ....... $
..!%... #.......
....... #...........
....... #..... ....
....... #.... ....
....... +..# #...
.......##+#######..#
#.Y.
.........$@@!......#
#...
....#########......#
#.5. .
#......######.##
#...........G.#.
.$............5.#.
###§....#######.'.
.......# #.'.
8#8#....# #.#)
..8#...# #.#.


You could see Harold.

Vanquished Creatures
  The ghost of Razmath the Insei, a novice DsWz (D:9)
  A centaur zombie (D:11)
  A two-headed ogre (D:11)
  A troll (D:12)
  A hippogriff (D:7)
  Eustachio (D:5)
  Edmund (D:4)
  Menkaure (D:7)
  An eye of draining (D:12)
  2 orc warriors
  2 phantoms
  A black bear (D:5)
  A wasp (D:12)
  3 ice beasts
  A necrophage (D:8)
  2 sky beasts
  6 ogres
  6 centaurs
  3 big kobolds (Sewer)
  A wyvern zombie (D:12)
  4 bullfrogs
  A water moccasin skeleton (D:8)
  3 scorpions (D:4)
  4 killer bees (D:8)
  3 wights (D:7)
  3 howler monkeys (D:8)
  4 crimson imps
  A jelly (D:6)
  4 orc priests
  5 hounds
  8 orc wizards
  2 iguanas (D:7)
  6 worker ants
  A worker ant zombie (D:8)
  7 gnolls (D:5)
  16 adders
  A howler monkey skeleton (D:11)
  3 shadow imps
  An adder zombie (D:8)
  4 adder skeletons
  3 worms
  2 dart slugs
  3 leopard geckos
  33 orcs
  6 ball pythons
  10 bats
  7 giant cockroaches
  8 hobgoblins
  4 jackals
  3 quokkas
  6 frilled lizards
  2 goblins
  17 kobolds
  6 rats
228 creatures vanquished.

Vanquished Creatures (others)
  4 fungi (D:4)
4 creatures vanquished.

Grand Total: 232 creatures vanquished

Notes
Turn   | Place    | Note
-------+----------+-------------------------------------------
     0 | D:1      | Amnesiac the Mummy Gladiator began the quest for the Orb.
     0 | D:1      | Reached XP level 1. HP: 16/16 MP: 1/1
    85 | D:3      | Reached XP level 2. HP: 13/22 MP: 2/2
   130 | D:3      | Reached skill level 3 in Staves
   240 | D:3      | Found a glowing drain.
   251 | D:3      | Reached XP level 3. HP: 21/27 MP: 3/3
   260 | Sewer    | Entered a sewer
   525 | Sewer    | Noticed a big kobold
   525 | Sewer    | Noticed a big kobold
   534 | Sewer    | Killed a big kobold
   534 | Sewer    | Reached skill level 4 in Staves
   534 | Sewer    | Reached XP level 4. HP: 17/33 MP: 4/4
   607 | Sewer    | Killed a big kobold
   607 | Sewer    | Reached skill level 5 in Staves
   607 | Sewer    | Reached XP level 5. HP: 8/38 MP: 5/5
  1186 | D:4      | Reached XP level 6. HP: 35/44 MP: 6/6
  1400 | D:4      | Reached skill level 6 in Staves
  1413 | D:4      | Noticed Edmund
  1429 | D:4      | Killed Edmund
  1701 | D:4      | Reached XP level 7. HP: 23/50 MP: 7/7
  1704 | D:4      | Found a hide-covered altar of Uskayaw.
  1975 | D:4      | Reached skill level 7 in Staves
  2674 | D:4      | Found a staircase to the Ecumenical Temple.
  2854 | Temple   | Entered the Ecumenical Temple
  2871 | Temple   | Became a worshipper of Gozag Ym Sagoz the Greedy
  3919 | D:2      | Found a sparkling altar of Nemelex Xobeh.
  4135 | D:2      | Reached skill level 8 in Staves
  4618 | D:3      | Found a hazy altar of Hepliaklqana.
  4770 | D:5      | Entered Level 5 of the Dungeon
  4881 | D:4      | Reached XP level 8. HP: 58/58 MP: 8/8
  5680 | D:5      | Found a bloodstained altar of Trog.
  5681 | D:5      | Found a stormy altar of Qazlal.
  5682 | D:5      | Found a white marble altar of Elyvilon.
  5865 | D:5      | Reached skill level 9 in Staves
  5914 | D:5      | Noticed Eustachio
  5957 | D:5      | Killed Eustachio
  6334 | D:5      | Found a radiant altar of Vehumet.
  6442 | D:6      | Found a shadowy altar of Dithmenos.
  6522 | D:6      | Reached XP level 9. HP: 19/65 MP: 9/9
  6885 | D:6      | Reached skill level 10 in Staves
  7375 | D:6      | Found a deep blue altar of Sif Muna.
  7489 | D:6      | Reached skill level 5 in Fighting
  8568 | D:7      | Noticed Menkaure
  8578 | D:7      | Killed Menkaure
  9192 | D:7      | Reached skill level 11 in Staves
  9336 | D:8      | Found Igestue's Assorted Antiques.
  9365 | D:8      | Found a staircase to the Lair.
  9712 | D:8      | Reached XP level 10. HP: 19/76 MP: 10/10
 10346 | D:8      | Found a sparkling altar of Nemelex Xobeh.
 10612 | D:8      | Found an ancient bone altar of Kikubaaqudgha.
 10613 | D:8      | Found a blossoming altar of Fedhas.
 10731 | D:9      | Noticed Razmath's ghost (novice DsWz)
 10795 | D:9      | Killed Razmath's ghost
 10795 | D:9      | Reached skill level 12 in Staves
 11099 | D:9      | You fall through a shaft for 2 floors!
 11335 | D:11     | Noticed a white ugly thing
 11448 | D:12     | Noticed an orange crystal statue
 11699 | D:12     | Noticed a deep elf mage
 11977 | D:12     | Noticed Frances
 12056 | D:12     | Bought a +2 great mace of protection for 237 gold pieces
 12057 | D:12     | Noticed Harold
 12076 | D:12     | Killed from afar by Harold

Vault maps used:
D:1:      scummos_arrival_forest
D:2:      nemelex_xobeh_ov_fountains_minmay, first_bread, minmay_distorted
D:3:      lemuel_round_altar, gup_sewer_entry_glass
D:4:      old_forge, kennysheep_little_box, uniq_edmund
D:5:      black_bear_nest_1, nicolae_overflow_crystal_walls, minitemple,
          serial_bayou_pond_a, uniq_eustachio
D:6:      led_sif_book, nicolae_dithmenos_shadow_blocks
D:7:      corexii_checkpoint_a, uniq_menkaure
D:8:      grunt_temple_overflow_growth_and_decay, lair_0_dummy, serial_shops,
          nicolae_shop_stone, minmay_ruined_shrine
D:9:      cheibriados_altar_wand_db, lemuel_crystal_altar, uniq_psyche,
          uniq_prince_ribbit1
D:11:     hangedman_ranch, lemuel_old_faithful
D:12:     minmay_wizard_corner, minmay_statue_bubble, uniq_harold, uniq_urug,
          uniq_gastronok, uniq_frances
Temple:   corrupted_temple
Sewer:    kennysheep_pipe_town

Skill      XL: |  1  2  3  4  5  6  7  8  9 10 |
---------------+-------------------------------+-----
Staves         | 3 4 5 6 8 9 11 12 | 12.0
Fighting       | 3 4 6 8 |  8.3
Throwing       | |  1.5
Dodging        | |  2.4

Action                   |  1- 3 |  4- 6 |  7- 9 | 10-12 || total
-------------------------+-------+-------+-------+-------++-------
Melee: Quarterstaff      |    73 |   126 |   684 |   235 ||  1118
       Great mace        |       |       |       |     9 ||     9
Throw: Throwing net      |       |     1 |     1 |     2 ||     4
Invok: Call Merchant     |       |       |       |     2 ||     2
Evoke: Wand              |       |       |     3 |       ||     3
  Use: Scroll            |       |     5 |     6 |     3 ||    14
 Stab: Distracted        |       |       |     2 |       ||     2
       Held in net/web   |       |       |     2 |     1 ||     3
       Confused          |       |       |     3 |       ||     3
Armor: Leather armour    |     3 |       |       |       ||     3
       Ring mail         |    35 |    50 |       |       ||    85
       Chain mail        |       |     2 |   274 |       ||   276
       Plate armour      |       |       |   114 |   104 ||   218
Dodge: Dodged            |    54 |    86 |   221 |    30 ||   391
